 Dungeon Crawl Stone Soup version 0.28.0-43-g3370ac3207 (webtiles) character file.

Game seed: 1011875311097171951

620 MisterFreud the Cutter (level 7, -7/57 (60) HPs)
             Began as a Gnoll Cinder Acolyte on Mar 4, 2022.
             Was a High Priest of Ignis.
             Mangled by a wight
             ... wielding a +5 great sword
              (15 damage)
             ... on level 4 of the Dungeon.
             The game lasted 00:04:52 (4760 turns).

MisterFreud the Cutter (Gnoll Cinder Acolyte)       Turns: 4760, Time: 00:04:52

HP:   -7/57 (60)    AC:  6    Str: 13    XL:     7   Next: 46%
MP:   6/12          EV: 11    Int: 16    God:    Ignis [*****.]
Gold: 184           SH:  0    Dex:  7    Spells: 11/13 levels left

rFire   + . .      SeeInvis .   g - +1 short sword (venom)
rCold   . . .      Faith    .   (no shield)
rNeg    . . .      Spirit   .   o - +3 leather armour {Will+}
rPois   .          Reflect  .   (no helmet)
rElec   .          Harm     .   (no cloak)
rCorr   .          Rampage  .   (no gloves)
Will    ++...                   (no boots)
Stlth   +.........              (no amulet)
HPRegen 0.19/turn               l - ring of willpower
MPRegen 0.13/turn               (no ring)

@: drained
A: fangs 1, strong nose, distributed training
a: Renounce Religion, Fiery Armour, Foxfire Swarm, Rising Flame


You were on level 4 of the Dungeon.
You worshipped Ignis.
Ignis was extremely pleased with you.
You visited 1 branch of the dungeon, and saw 4 of its levels.

You collected 184 gold pieces.

Inventory:

Hand Weapons
 a - a -1 short sword of flaming
 g - a +1 short sword of venom (weapon)
Armour
 b - a +0 robe
 o - a +3 leather armour of willpower (worn)
Jewellery
 l - a ring of willpower (left hand)
Wands
 m - a wand of paralysis (15)
 u - a wand of polymorph (7)
Scrolls
 c - a scroll of vulnerability {unknown}
 d - 2 scrolls of blinking {unknown}
 f - 5 scrolls of identify {unknown}
 h - 2 scrolls of immolation {unknown}
 i - 2 scrolls of amnesia {unknown}
 j - 2 scrolls of fog {unknown}
 q - a scroll of teleportation {unknown}
 s - a scroll of fear {unknown}
Potions
 e - a potion of curing {unknown}
 k - a potion of mutation {unknown}
 n - a potion of lignification {unknown}
 p - 2 potions of cancellation {unknown}
 r - a potion of flight {unknown}
 t - 2 potions of degeneration {unknown}
 v - a potion of attraction {unknown}


   Skills:
 + Level 7.0 Fighting
 + Level 7.0 Short Blades
 + Level 2.5 Long Blades
 + Level 2.5 Axes
 + Level 2.5 Maces & Flails
 + Level 2.5 Polearms
 + Level 2.5 Staves
 + Level 2.5 Slings
 + Level 2.5 Bows
 + Level 2.5 Crossbows
 + Level 2.5 Throwing
 + Level 2.5 Armour
 + Level 2.5 Dodging
 + Level 2.5 Stealth
 + Level 2.5 Shields
 + Level 2.5 Unarmed Combat
 + Level 3.8 Spellcasting
 + Level 2.0 Conjurations
 + Level 2.0 Hexes
 + Level 2.0 Summonings
 + Level 2.0 Necromancy
 + Level 2.0 Translocations
 + Level 2.0 Transmutations
 + Level 5.8 Fire Magic
 + Level 2.0 Ice Magic
 + Level 2.0 Air Magic
 + Level 2.0 Earth Magic
 + Level 2.0 Poison Magic
 + Level 2.8 Invocations
 + Level 2.5 Evocations


You had 11 spell levels left.
You knew the following spells:

 Your Spells              Type           Power      Damage    Failure   Level
a - Scorch                Fire           42%        2d7       3%          2

Your spell library contained the following spells:

 Spells                   Type           Power      Damage    Failure   Level
 Magic Dart               Conj           36%        1d4       10%         1
 Call Imp                 Summ           9%         N/A       14%         2
 Ignite Poison            Fire/Tmut/Pois 13%        N/A       17%         3
 Mephitic Cloud           Conj/Pois/Air  9%         N/A       28%         3
 Freezing Cloud           Conj/Ice/Air   4%         6-21      95%         5


Dungeon Overview and Level Annotations

Branches:
Dungeon (4/15)
 Temple: D:4-7

Altars:


Innate Abilities, Weirdness & Mutations

You have very sharp teeth.
Your uncanny sense of smell can sniff out nearby items.
Your experience applies equally to all skills.


Message History

You climb upwards.
There is a stone staircase leading down here.
Casting: Scorch (safe; 3% risk of failure)
Confirm with . or Enter, or press ? or * to list all spells.
Flames lash the wight.
The wight is moderately damaged.
The wight's fire resistance burns away.
The wight closely misses you.
Casting: Scorch (safe; 3% risk of failure)
Confirm with . or Enter, or press ? or * to list all spells.
Flames lash the wight.
The wight is burned terribly!
You destroy the wight!
You start resting.
HP restored.
You start resting.
Magic restored.
You climb downwards.
The wight hits you with a +5 great sword.
You feel drained.
There is a stone staircase leading up, spattered with blood here.
Casting: Scorch (safe; 3% risk of failure)
Confirm with . or Enter, or press ? or * to list all spells.
Flames lash the wight.
The wight is heavily damaged.
The wight's fire resistance burns away.
The wight hits you with a +5 great sword!
Casting: Scorch (safe; 3% risk of failure)
Confirm with . or Enter, or press ? or * to list all spells.
Flames lash the wight.
The wight is heavily damaged.
The wight hits you with a +5 great sword!!
Casting: Scorch (safe; 3% risk of failure)
Confirm with . or Enter, or press ? or * to list all spells.
Flames lash the wight.
The wight is heavily damaged.
The wight hits you with a +5 great sword!
* * * LOW HITPOINT WARNING * * *
You feel drained.
* * * LOW HITPOINT WARNING * * *
The wight hits you with a +5 great sword!
You die...

..##..... ...##
#......#.#....#
##.....##.....#
.....[.##....# #
#.÷.....### .
##....)....# ###. ##
##.<.......## .##..#
#...##.##.........##
.#...
(.......@z.#....###
....
...........#.....#
...
.........(.......#
#..
....#..)...#.#..#
#.. ...
#.)....###.##
###.##.. ##......##
# #.#..#. #........#
##.##.## ##...###..#
#...#).#∆#.........#


You could see a wight (combustible).

Vanquished Creatures
  Grinder (D:3)
  2 wights
  A jelly (D:3)
  An orc priest (D:3)
  Jessica (D:3)
  Ijyb (D:3)
  Terence (D:2)
  Natasha (thrice) (D:3)
  A hound skeleton (D:4)
  3 adders
  2 worms
  3 dart slugs
  4 orcs
  8 ball pythons
  5 bats
  10 endoplasms
  11 giant cockroaches
  7 goblins
  4 hobgoblins
  6 jackals (D:3)
  2 quokkas (D:3)
  3 frilled lizards
  15 kobolds
  6 rats
101 creatures vanquished.

Notes
Turn   | Place    | Note
-------+----------+-------------------------------------------
     0 | D:1      | MisterFreud the Gnoll Cinder Acolyte began the quest for
                  | the Orb.
     0 | D:1      | Reached XP level 1. HP: 23/23 MP: 4/4
   232 | D:1      | Reached XP level 2. HP: 28/29 MP: 5/5
   270 | D:1      | Found a faded altar of an unknown god.
   710 | D:1      | Learned a level 2 spell: Scorch
  1260 | D:1      | Reached XP level 3. HP: 35/35 MP: 7/7
  1783 | D:2      | Reached skill level 1 in Invocations
  1868 | D:2      | Noticed Terence
  1885 | D:2      | Killed Terence
  1886 | D:2      | Reached skill level 1 in Long Blades
  1886 | D:2      | Reached skill level 1 in Axes
  1886 | D:2      | Reached skill level 1 in Maces & Flails
  1886 | D:2      | Reached skill level 1 in Polearms
  1886 | D:2      | Reached skill level 1 in Staves
  1886 | D:2      | Reached skill level 1 in Slings
  1886 | D:2      | Reached skill level 1 in Bows
  1886 | D:2      | Reached skill level 1 in Crossbows
  1886 | D:2      | Reached skill level 1 in Throwing
  1886 | D:2      | Reached skill level 1 in Armour
  1886 | D:2      | Reached skill level 1 in Dodging
  1886 | D:2      | Reached skill level 1 in Stealth
  1886 | D:2      | Reached skill level 1 in Shields
  1886 | D:2      | Reached skill level 1 in Unarmed Combat
  1886 | D:2      | Reached skill level 1 in Evocations
  1886 | D:2      | Reached XP level 4. HP: 3/41 MP: 2/8
  2448 | D:2      | Reached skill level 1 in Conjurations
  2448 | D:2      | Reached skill level 1 in Hexes
  2448 | D:2      | Reached skill level 1 in Summonings
  2448 | D:2      | Reached skill level 1 in Necromancy
  2448 | D:2      | Reached skill level 1 in Translocations
  2448 | D:2      | Reached skill level 1 in Transmutations
  2448 | D:2      | Reached skill level 1 in Ice Magic
  2448 | D:2      | Reached skill level 1 in Air Magic
  2448 | D:2      | Reached skill level 1 in Earth Magic
  2448 | D:2      | Reached skill level 1 in Poison Magic
  2938 | D:3      | Noticed Ijyb
  2943 | D:3      | Killed Ijyb
  2944 | D:3      | Reached XP level 5. HP: 38/47 MP: 2/9
  3011 | D:3      | Noticed Natasha
  3012 | D:3      | Noticed Jessica
  3036 | D:3      | Killed Jessica
  3040 | D:3      | Killed Natasha
  3348 | D:3      | Reached XP level 6. HP: 52/53 MP: 0/10
  3426 | D:3      | Noticed Natasha
  3431 | D:3      | Killed Natasha
  3722 | D:3      | Noticed Grinder
  3730 | D:3      | Killed Grinder
  3731 | D:3      | Reached XP level 7. HP: 49/59 MP: 5/12
  3882 | D:3      | Noticed Natasha
  3889 | D:3      | Killed Natasha
  4760 | D:4      | Mangled by a wight

Illustrated notes

Levels and vault maps discovered:
D:1:      erik_arrival_cave_to_civilisation [erik_arrival_cave_to_temple],
          layout_basic, shapermc_ecumenical_altar_flowoftime,
          minmay_misc_feat_columns, chequers_serial_rivers_small_3
D:2:      layout_basic, minmay_worlds_worst_comb, uniq_terence
D:3:      layout_basic, minmay_quantized, uniq_jessica, uniq_natasha,
          uniq_grinder, uniq_ijyb
D:4:      layout_cave_pools, minmay_unequal

Skill      XL: |  1  2  3  4  5  6  7 |
---------------+----------------------+-----
Invocations    | 1 2 |  2.8
Long Blades    | 1 2 |  2.5
Axes           | 1 2 |  2.5
Maces & Flails | 1 2 |  2.5
Polearms       | 1 2 |  2.5
Staves         | 1 2 |  2.5
Slings         | 1 2 |  2.5
Bows           | 1 2 |  2.5
Crossbows      | 1 2 |  2.5
Throwing       | 1 2 |  2.5
Armour         | 1 2 |  2.5
Dodging        | 1 2 |  2.5
Stealth        | 1 2 |  2.5
Shields        | 1 2 |  2.5
Unarmed Combat | 1 2 |  2.5
Spellcasting   | 3 |  3.8
Evocations     | 1 2 |  2.5
Conjurations   | 1 2 |  2.0
Hexes          | 1 2 |  2.0
Summonings     | 1 2 |  2.0
Necromancy     | 1 2 |  2.0
Translocations | 1 2 |  2.0
Transmutations | 1 2 |  2.0
Ice Magic      | 1 2 |  2.0
Air Magic      | 1 2 |  2.0
Earth Magic    | 1 2 |  2.0
Poison Magic   | 1 2 |  2.0
Fighting       | 7 |  7.0
Short Blades   | 7 |  7.0
Fire Magic     | |  5.8

Action                   |  1- 3 |  4- 6 |  7- 9 || total
-------------------------+-------+-------+-------++-------
Melee: Short sword       |    84 |   108 |    49 ||   241
       Bite              |     5 |     8 |     7 ||    20
       Punch             |       |     4 |       ||     4
 Cast: Scorch            |     4 |    19 |    18 ||    41
 Stab: Sleeping          |       |     2 |       ||     2
Armor: Robe              |     8 |    16 |       ||    24
       Leather armour    |       |    17 |    13 ||    30
Dodge: Dodged            |    35 |    59 |    26 ||   120
